 Dungeon Sprint DCSS version 0.22-a0-32-ga749362 (webtiles) character file.

86 Kidiri the Skirmisher (level 4, -1/44 HPs)
             Began as a Hill Orc Fighter on Jan 3, 2018.
             Slain by a human (7 damage)
             ... in the Dungeon (Sprint III: "The Ten Rune Challenge").
             The game lasted 00:01:22 (313 turns).

Kidiri the Skirmisher (Hill Orc Fighter)             Turns: 313, Time: 00:01:23

Health: -1/44      AC:  7    Str: 18    XL:     4   Next: 50%
Magic:  4/4        EV:  8    Int:  8    God:
Gold:   0          SH: 10    Dex: 11    Spells: 3/3 levels left

rFire    . . .     SeeInvis .   a - +0 long sword
rCold    . . .     Gourm    .   c - +0 shield
rNeg     . . .     Faith    .   b - +0 scale mail
rPois    .         Spirit   .   (no helmet)
rElec    .         Reflect  .   (no cloak)
rCorr    .         Harm     .   (no gloves)
MR       .....     NoTele   +   (no boots)
Stlth    ..........             (no amulet)
HPRegen  0.14/turn              (no ring)
MPRegen  0.09/turn              (no ring)

@: no status effects
A: no striking features
a: no special abilities


You were in the Dungeon.
You were not hungry.

You visited 1 branch

Inventory:

Hand Weapons
 a - a +0 long sword (weapon)
Armour
 b - a +0 scale mail (worn)
 c - a +0 shield (worn)
Scrolls
 k - a scroll of blinking
Potions
 d - a potion of might
 g - a potion of heal wounds
 h - a potion of haste
 i - 3 potions of magic
 j - a potion of berserk rage
Comestibles
 f - a ration


   Skills:
 * Level 6.0 Fighting
 * Level 4.8 Long Blades
 * Level 5.4 Armour
 + Level 2.0 Dodging
 * Level 5.4 Shields


You had 3 spell levels left.
You didn't know any spells.

Dungeon Overview and Level Annotations

Branches:
Dungeon (1/1)

Altars:


Message History

You block the human's attack.
You closely miss the human.
The human is moderately wounded.
The human hits you!
* * * LOW HITPOINT WARNING * * *
You closely miss the human.
The human is moderately wounded.
You block the human's attack.
You slash the human!
The human is heavily wounded.
You block the human's attack. The human hits you.
* * * LOW HITPOINT WARNING * * *
You hit the human but do no damage.
The human is heavily wounded.
The human hits you.
* * * LOW HITPOINT WARNING * * *
Your shield prevents you from hitting the human.
The human is heavily wounded.
The human hits you!
You die...

▓..##.......# ..#
▓##.##.##...# ..#
##.##.###..# #..#
▓#.####.##..# ...+
▓.###..##..## #...#
▓#.....##..###....#
###..##...##.....#
##..##....#p.....#
#..###..##@#.....#
#).# #.. ####....#
▓▓▓▓ ▓▓▓ ▓▓▓▓▓


You could see a human.

Vanquished Creatures
  A scorpion (D)
  Jessica (D)
  2 oozes (D)
  A rat (D)
5 creatures vanquished.

Vanquished Creatures (others)
  2 draconian scorchers (D)
  6 hellions (D)
  A plant (D)
9 creatures vanquished.

Grand Total: 14 creatures vanquished

Notes
Turn   | Place    | Note
-------+----------+-------------------------------------------
     0 | D        | Kidiri the Hill Orc Fighter began the quest for the Orb.
     0 | D        | Reached XP level 1. HP: 19/19 MP: 1/1
    11 | D        | Reached skill level 4 in Fighting
   103 | D        | Killed a hellion
   104 | D        | Killed a hellion
   155 | D        | Killed a hellion
   156 | D        | Killed a hellion
   178 | D        | Reached XP level 2. HP: 27/28 MP: 2/2
   180 | D        | Killed a white draconian scorcher
   181 | D        | Killed a white draconian scorcher
   194 | D        | Killed a hellion
   197 | D        | Noticed Jessica
   206 | D        | Killed Jessica
   206 | D        | Reached skill level 5 in Fighting
   206 | D        | Reached skill level 1 in Dodging
   206 | D        | Reached XP level 3. HP: 26/36 MP: 3/3
   293 | D        | Killed a hellion
   297 | D        | Noticed a scorpion
   304 | D        | Killed a scorpion
   304 | D        | Reached skill level 6 in Fighting
   304 | D        | Reached skill level 5 in Armour
   304 | D        | Reached skill level 5 in Shields
   304 | D        | Reached XP level 4. HP: 21/44 MP: 4/4
   313 | D        | Slain by a human

Vault maps used:
D:        dungeon_sprint_mu

Skill      XL: |  1  2  3 |
---------------+----------+-----
Fighting       | 4 5 6 |  6.0
Long Blades    | 3 4 |  4.8
Armour         | 4 5 |  5.4
Dodging        | 1 2 |  2.0
Shields        | 4 5 |  5.4

Action                   |  1- 3 |  4- 6 || total
-------------------------+-------+-------++-------
Melee: Long sword        |    20 |     8 ||    28
  Use: Potion            |       |     1 ||     1
Armor: Scale mail        |     4 |     1 ||     5
Dodge: Dodged            |     3 |     1 ||     4
Block: Shield            |     6 |     4 ||    10
       Rpst.: Long sword |     2 |       ||     2

Table legend:
 A = Spawn XP
 B = Non-spawn XP
 C = Spawn XP percentage of total XP
 D = Spawn monster count
 E = Non-spawn monster count
 F = Spawn count percentage of total count
 G = Total turns spent on level
                    A         B        C        D         E        F      G
               +---------+---------+-------+---------+---------+-------+---------
         Total |       0 |     124 |   0.0 |       0 |       5 |   0.0 |   313
               +---------+---------+-------+---------+---------+-------+---------
             D |       0 |     124 |   0.0 |       0 |       5 |   0.0 |   313
               +---------+---------+-------+---------+---------+-------+---------
